Washington Capitals vs Nashville Predators
Created - Tuesday, March 12, 2024 at 07:36
Goals
|
| Washington Capitals |
0 |
2 |
1 |
0 |
1 |
3 |
| Nashville Predators |
1 |
2 |
0 |
0 |
2 |
4 |
|
Shots
|
| Washington Capitals |
10 |
13 |
8 |
7 |
4 |
38 |
| Nashville Predators |
9 |
14 |
7 |
1 |
4 |
31 |
|
1st period
1. Nashville Predators , Jakub Voracek 11 (Thomas Novak 11) at 19:20
Penalties :
Nick Jensen (WSH) for Hooking (Minor) at 4:54, Ian Cole (WSH) for Hooking (Minor) at 11:07
2nd period
2. Nashville Predators , Thomas Novak 10 (Jacob Peterson 13, Jakub Voracek 10) at 1:29
3. Nashville Predators , Thomas Novak 11 (Markus Niemelainen 5, Jacob Peterson 14) at 7:16 (PP)
4. Washington Capitals , Jason Robertson 5 (Brayden Point 14, Alex Ovechkin 13) at 8:53 (PP)
5. Washington Capitals , Nico Hischier 12 (Drake Batherson 7) at 15:45 (PP)
Penalties :
Brad Marchand (WSH) for Holding Stick (Minor) at 4:02, Michael Mcleod (WSH) for Hooking (Minor) at 6:47, Zemgus Girgensons (NSH) for Delaying the game (Minor) at 8:24, Jason Robertson (WSH) for Goalie Interference (Minor) at 9:29, Adin Hill (NSH) for Slashing (Minor) at 13:15 - Kevin Labanc served the penalty, Henri Jokiharju (NSH) for Hooking (Minor) at 14:31, David Savard (WSH) for Holding (Minor) at 16:31
3rd period
6. Washington Capitals , Jason Robertson 6 (Brayden Point 15) at 3:56
Penalties :
David Savard (WSH) for Holding (Minor) at 7:33, Dylan DeMelo (WSH) for Hooking (Minor) at 12:15, Nick Foligno (WSH) for Hooking (Minor) at 18:54
Overtime #1
No Goal
Penalties :
No Penalty
Shootout
Washington Capitals, Jason Robertson - Shot Misses the Net
Nashville Predators, Jacob Peterson - Stopped by Jake Oettinger
Washington Capitals, Drake Batherson - Stopped by Adin Hill
Nashville Predators, Jakub Voracek - Shot Misses the Net
Washington Capitals, Brayden Point - Goal!
Nashville Predators, Kevin Labanc - Goal!
Washington Capitals, Alex Ovechkin - Stopped by Adin Hill
Nashville Predators, Morgan Frost - Goal!
Penalties :
No Penalty
Goalie Stats
Jake Oettinger (WSH), 28 saves from 31 shots - (0.903), OTL, 9-14-1, 65:00 minutes
Adin Hill (NSH), 35 saves from 38 shots - (0.921), W, 12-10-3, 65:00 minutes
Players Stats for Washington Capitals
Player Name G A P +/- PIM S H SB GA TA FO MP PP MP PK MP
------------------------------------------------------------------------------------
Alex Ovechkin 0 1 1 0 0 6 2 1 1 0 0/2 21:00 2:18 0:00
Brad Marchand 0 0 0 0 2 3 1 0 1 1 1/2 18:23 0:00 7:11
Brayden Point 0 2 2 0 0 4 1 0 3 0 18/30 21:00 2:18 0:00
David Savard 0 0 0 0 4 0 2 2 0 2 0/0 28:23 2:31 7:37
Dominik Kubalik 0 0 0 0 0 1 1 0 1 2 1/1 13:00 0:00 3:59
Drake Batherson 0 1 1 0 0 1 1 0 1 0 0/0 9:43 0:41 0:00
Dylan DeMelo 0 0 0 0 2 1 0 0 0 0 0/0 11:57 0:00 0:00
Erik Johnson 0 0 0 0 0 2 0 1 0 1 0/0 20:38 0:28 7:24
Ian Cole 0 0 0 -1 2 0 2 0 0 1 0/0 23:25 0:00 8:50
Isac Lundestrom 0 0 0 -1 0 0 0 1 0 0 2/3 9:51 0:00 5:02
Jason Robertson 2 0 2 0 2 7 2 0 0 0 0/2 19:43 2:18 0:00
John Carlson 0 0 0 0 0 0 0 1 0 1 0/0 23:48 2:31 3:11
Jordan Kyrou 0 0 0 -1 0 2 1 0 0 0 0/0 5:33 0:00 0:00
Michael Mcleod 0 0 0 0 2 0 1 0 1 1 8/16 17:01 0:00 8:33
Nick Foligno 0 0 0 -1 2 1 3 0 0 0 0/0 11:15 0:00 6:03
Nick Jensen 0 0 0 -1 2 6 2 4 0 1 0/0 22:50 0:28 5:40
Nico Hischier 1 0 1 0 0 2 0 0 0 0 10/13 13:57 0:41 1:00
Owen Tippett 0 0 0 0 0 2 2 0 0 0 1/1 12:03 0:41 0:00
Players Stats for Nashville Predators
Player Name G A P +/- PIM S H SB GA TA FO MP PP MP PK MP
------------------------------------------------------------------------------------
Alex Newhook 0 0 0 0 0 2 0 0 0 0 1/1 17:56 7:35 0:37
Alexander Alexeyev 0 0 0 0 0 1 1 3 0 1 0/0 24:54 6:25 1:53
Brett Leason 0 0 0 0 0 1 1 1 1 0 0/0 8:31 0:00 0:00
Corey Perry 0 0 0 0 0 0 0 0 0 1 1/6 9:35 0:00 0:00
Henri Jokiharju 0 0 0 1 2 0 2 0 1 1 0/0 27:08 8:36 0:55
Jacob Peterson 0 2 2 2 0 2 2 0 1 1 0/1 23:04 7:37 1:18
Jakub Voracek 1 1 2 2 0 1 2 0 1 0 1/1 19:24 7:37 0:00
Justin Braun 0 0 0 0 0 3 1 0 1 1 0/0 15:07 0:26 0:59
Kevin Labanc 0 0 0 -1 0 3 1 0 0 0 0/1 12:29 0:15 0:21
Markus Niemelainen 0 1 1 0 0 0 2 1 0 0 0/0 22:33 7:00 0:43
Morgan Frost 0 0 0 -1 0 6 2 1 3 0 6/16 22:07 7:42 1:07
Nate Schmidt 0 0 0 1 0 3 2 3 1 1 0/0 27:56 8:27 1:27
Oliver Kylington 0 0 0 0 0 0 1 0 0 0 0/0 12:21 0:00 0:00
Patrick Maroon 0 0 0 0 0 0 2 0 0 1 1/3 10:02 0:15 0:00
Ryan Carpenter 0 0 0 0 0 1 0 1 0 0 4/7 10:23 0:00 1:52
Sam Gagner 0 0 0 -1 0 5 1 0 1 0 0/1 20:50 7:35 0:00
Thomas Novak 2 1 3 2 0 2 1 0 0 1 15/32 21:46 7:37 0:00
Zemgus Girgensons 0 0 0 0 2 1 4 0 0 0 0/1 10:10 0:08 0:00
3 Stars
1 - Thomas Novak (NSH)
2 - Jakub Voracek (NSH)
3 - Jacob Peterson (NSH)
Power Play
Washington Capitals - 2 on 3 Attempt(s) - 66.67%
Nashville Predators - 1 on 9 Attempt(s) - 11.11%
Penalty Kill
Washington Capitals - 8 on 9 Attempt(s) - 88.89%
- Score 0 goal in Penalty Kill
Nashville Predators - 1 on 3 Attempt(s) - 33.33%
- Score 0 goal in Penalty Kill
Team Stat
Washington Capitals - Hits : 21 - Faceoff Wins : 41 - Blocked Shots : 10 - Penalty Minutes : 18
Nashville Predators - Hits : 25 - Faceoff Wins : 29 - Blocked Shots : 10 - Penalty Minutes : 6
Official
Referees : Dean Morton and Jacob Brenk
Linesman : Shane Heyer and Darren Gibbs
Game Notes
No Game Note
Finance
Level 1 -- Attendance: 4881 (81.35%) -- Ticket Income $488,100
Level 2 -- Attendance: 4066 (81.32%) -- Ticket Income $243,960
Level 3 -- Attendance: 2316 (77.20%) -- Ticket Income $81,060
Level 4 -- Attendance: 3622 (72.44%) -- Ticket Income $90,550
Luxury Box -- Attendance: 735 (73.50%) -- Ticket Income $147,000
Game was played at the Bridgestone Arena.
Total Attendance: 15620 (78.10%)
Total Ticket Income: $1,050,670
Other Income: $367,734
Total Income: $1,418,404
Washington Capitals
5 vs 5 Forward
Center Left Wing Right Wing Time % Phy DF OF
1 Brayden Point Alex Ovechkin Jason Robertson 40 1 1 3
2 Nico Hischier Brad Marchand Owen Tippett 30 1 1 3
3 Michael Mcleod Dominik Kubalik Drake Batherson 20 1 1 3
4 Isac Lundestrom Nick Foligno Jordan Kyrou 10 1 1 3
5 vs 5 Defense
Defense Defense Time % Phy DF OF
1 John Carlson David Savard 35 2 3 0
2 Nick Jensen Ian Cole 35 2 3 0
3 Dylan DeMelo Erik Johnson 30 2 3 0
4 John Carlson David Savard 0 2 3 0
PowerPlay Forward
Center Left Wing Right Wing Time % Phy DF OF
1 Brayden Point Alex Ovechkin Jason Robertson 60 1 2 2
2 Nico Hischier Owen Tippett Drake Batherson 40 1 2 2
PowerPlay Defense
Defense Defense Time % Phy DF OF
1 David Savard John Carlson 60 1 2 2
2 Erik Johnson Nick Jensen 40 1 2 2
Penalty Kill 4 Players Forward
Center Wing Time % Phy DF OF
1 Michael Mcleod Brad Marchand 60 1 2 2
2 Isac Lundestrom Nick Foligno 40 1 2 2
Penalty Kill 4 Players Defense
Defense Defense Time % Phy DF OF
1 David Savard Ian Cole 60 1 2 2
2 Erik Johnson Nick Jensen 40 1 2 2
Penalty Kill - 3 Players Forward
Forward Time % Phy DF OF
1 Michael Mcleod 60 1 2 2
2 Isac Lundestrom 40 1 2 2
Penalty Kill - 3 Players Defense
Defense Defense Time % Phy DF OF
1 David Savard Ian Cole 60 1 2 2
2 Erik Johnson Nick Jensen 40 1 2 2
4 vs 4 Forward
Center Wing Time % Phy DF OF
1 Brayden Point Alex Ovechkin 60 1 2 2
2 Nico Hischier Jason Robertson 40 1 2 2
4 vs 4 Defense
Defense Defense Time % Phy DF OF
1 David Savard John Carlson 60 1 2 2
2 Erik Johnson Nick Jensen 40 1 2 2
Last Minutes Offensive
Center Left Wing Right Wing Defense Defense
Brayden Point Alex Ovechkin Jason Robertson David Savard John Carlson
Last Minutes Defensive
Center Left Wing Right Wing Defense Defense
Nico Hischier Brad Marchand Nick Foligno David Savard Ian Cole
Goaltenders
Starting : Jake Oettinger
Backup : Sergei Bobrovsky
Extra Forwards
Normal : Jordan Kyrou, Drake Batherson, Dominik Kubalik - PP : Owen Tippett, Brayden Point - PK : Dominik Kubalik
Extra Defensemen
Normal : Erik Johnson, David Savard, Ian Cole - PP : David Savard - PK : Erik Johnson, David Savard
Penalty Shots
Jason Robertson, Drake Batherson, Brayden Point, Alex Ovechkin, David Savard
Nashville Predators
5 vs 5 Forward
Center Left Wing Right Wing Time % Phy DF OF
1 Thomas Novak Jacob Peterson Jakub Voracek 30 1 2 2
2 Morgan Frost Kevin Labanc Sam Gagner 30 1 2 2
3 Corey Perry Alex Newhook Zemgus Girgensons 25 1 2 2
4 Patrick Maroon Ryan Carpenter Brett Leason 15 1 2 2
5 vs 5 Defense
Defense Defense Time % Phy DF OF
1 Henri Jokiharju Nate Schmidt 35 1 2 2
2 Justin Braun Alexander Alexeyev 35 1 2 2
3 Markus Niemelainen Oliver Kylington 30 1 2 2
4 Henri Jokiharju Nate Schmidt 0 1 2 2
PowerPlay Forward
Center Left Wing Right Wing Time % Phy DF OF
1 Thomas Novak Jacob Peterson Jakub Voracek 50 1 2 2
2 Morgan Frost Alex Newhook Sam Gagner 50 1 2 2
PowerPlay Defense
Defense Defense Time % Phy DF OF
1 Nate Schmidt Henri Jokiharju 50 1 2 2
2 Markus Niemelainen Alexander Alexeyev 50 1 2 2
Penalty Kill 4 Players Forward
Center Wing Time % Phy DF OF
1 Ryan Carpenter Jacob Peterson 50 1 2 2
2 Morgan Frost Alex Newhook 50 1 2 2
Penalty Kill 4 Players Defense
Defense Defense Time % Phy DF OF
1 Henri Jokiharju Nate Schmidt 50 1 2 2
2 Alexander Alexeyev Justin Braun 50 1 2 2
Penalty Kill - 3 Players Forward
Forward Time % Phy DF OF
1 Ryan Carpenter 50 1 2 2
2 Morgan Frost 50 1 2 2
Penalty Kill - 3 Players Defense
Defense Defense Time % Phy DF OF
1 Henri Jokiharju Nate Schmidt 50 1 2 2
2 Markus Niemelainen Alexander Alexeyev 50 1 2 2
4 vs 4 Forward
Center Wing Time % Phy DF OF
1 Thomas Novak Jacob Peterson 50 1 2 2
2 Morgan Frost Sam Gagner 50 1 2 2
4 vs 4 Defense
Defense Defense Time % Phy DF OF
1 Henri Jokiharju Nate Schmidt 50 1 2 2
2 Alexander Alexeyev Markus Niemelainen 50 1 2 2
Last Minutes Offensive
Center Left Wing Right Wing Defense Defense
Thomas Novak Jacob Peterson Kevin Labanc Nate Schmidt Henri Jokiharju
Last Minutes Defensive
Center Left Wing Right Wing Defense Defense
Morgan Frost Corey Perry Ryan Carpenter Henri Jokiharju Nate Schmidt
Goaltenders
Starting : Adin Hill
Backup : Kevin Lankinen
Extra Forwards
Normal : Thomas Novak, Sam Gagner, Morgan Frost - PP : Sam Gagner, Alex Newhook - PK : Morgan Frost
Extra Defensemen
Normal : Henri Jokiharju, Oliver Kylington, Nate Schmidt - PP : Markus Niemelainen - PK : Alexander Alexeyev, Markus Niemelainen
Penalty Shots
Jacob Peterson, Jakub Voracek, Kevin Labanc, Morgan Frost, Thomas Novak
% Time on Ice - Washington Capitals
Lines # - Real PCT - Wanted PCT - Time Play
Normal Forward
1 - 42% - 40% - 17:27
2 - 28% - 30% - 11:45
3 - 19% - 20% - 8:01
4 - 10% - 10% - 4:21
Normal Defense
1 - 35% - 35% - 14:27
2 - 36% - 35% - 14:52
3 - 28% - 30% - 11:38
4 - 1% - 0% - 0:37
PP Forward
1 - 77% - 60% - 2:18
2 - 23% - 40% - 0:41
PP Defense
1 - 84% - 60% - 2:31
2 - 16% - 40% - 0:28
PK Forward
1 - 71% - 60% - 11:02
2 - 29% - 40% - 4:25
PK Defense
1 - 71% - 60% - 10:58
2 - 29% - 40% - 4:29
PK3 Forward
1 - 94% - 60% - 0:51
2 - 6% - 40% - 0:03
PK3 Defense
1 - 83% - 60% - 0:45
2 - 17% - 40% - 0:09
44 Forward
1 - 80% - 60% - 3:18
2 - 20% - 40% - 0:48
44 Defense
1 - 53% - 60% - 2:11
2 - 47% - 40% - 1:55
Last Minute Offensive - 0:00
Last Minute Defensive - 0:00
Total
Forward - 65:00
Defense - 65:00
|
% Time on Ice - Nashville Predators
Lines # - Real PCT - Wanted PCT - Time Play
Normal Forward
1 - 29% - 30% - 12:02
2 - 28% - 30% - 11:26
3 - 23% - 25% - 9:35
4 - 20% - 15% - 8:31
Normal Defense
1 - 36% - 35% - 15:02
2 - 34% - 35% - 14:11
3 - 30% - 30% - 12:21
4 - 0% - 0% - 0:00
PP Forward
1 - 50% - 50% - 7:39
2 - 50% - 50% - 7:48
PP Defense
1 - 55% - 50% - 8:27
2 - 45% - 50% - 7:00
PK Forward
1 - 57% - 50% - 1:18
2 - 43% - 50% - 0:58
PK Defense
1 - 49% - 50% - 1:06
2 - 51% - 50% - 1:10
PK3 Forward
1 - 79% - 50% - 0:34
2 - 21% - 50% - 0:09
PK3 Defense
1 - 49% - 50% - 0:21
2 - 51% - 50% - 0:22
44 Forward
1 - 47% - 50% - 2:22
2 - 53% - 50% - 2:38
44 Defense
1 - 52% - 50% - 2:35
2 - 48% - 50% - 2:25
Last Minute Offensive - 0:00
Last Minute Defensive - 0:00
Total
Forward - 65:00
Defense - 65:00
|
Play-by-Play
1st period
0:01 of 1st period - Thomas Novak wins face-off versus Jason Robertson in neutral zone.
0:14 of 1st period - Icing by David Savard.
0:15 of 1st period - Brayden Point wins face-off versus Kevin Labanc in Washington Capitals zone.
0:27 of 1st period - Snap shot by Sam Gagner.
0:27 of 1st period - Shot Misses the Net.
0:39 of 1st period - Wrist shot by Jason Robertson.
0:39 of 1st period - Stopped by Adin Hill with a rebound.
0:41 of 1st period - Slapshot by David Savard.
0:41 of 1st period - Deflect By Jason Robertson.
0:41 of 1st period - Stopped by Adin Hill without a rebound.
0:42 of 1st period - Nico Hischier wins face-off versus Corey Perry in Nashville Predators zone.
0:51 of 1st period - Snap shot by Nico Hischier.
0:51 of 1st period - Shot Misses the Net.
1:09 of 1st period - Ian Cole is hit by Markus Niemelainen and loses puck.
1:32 of 1st period - Slapshot by Sam Gagner.
1:32 of 1st period - Stopped by Jake Oettinger with a rebound.
1:38 of 1st period - Henri Jokiharju is hit by Drake Batherson and loses puck.
1:49 of 1st period - Slapshot by Dominik Kubalik.
1:49 of 1st period - Stopped by Adin Hill without a rebound.
1:50 of 1st period - Nico Hischier wins face-off versus Thomas Novak in Nashville Predators zone.
2:03 of 1st period - Snap shot by Nico Hischier.
2:03 of 1st period - Shot Misses the Net.
2:26 of 1st period - Snap shot by Jordan Kyrou.
2:26 of 1st period - Shot Misses the Net.
2:28 of 1st period - Snap shot by Jordan Kyrou.
2:28 of 1st period - Stopped by Adin Hill with a rebound.
3:03 of 1st period - Slapshot by Morgan Frost.
3:03 of 1st period - Stopped by Jake Oettinger with a rebound.
3:37 of 1st period - Wrist shot by Alex Newhook.
3:37 of 1st period - Stopped by Jake Oettinger with a rebound.
3:39 of 1st period - Wrist shot by Zemgus Girgensons.
3:39 of 1st period - Shot Blocked by Isac Lundestrom.
4:19 of 1st period - Snap shot by Nico Hischier.
4:19 of 1st period - Shot Blocked by Nate Schmidt.
4:21 of 1st period - Slapshot by Ian Cole.
4:21 of 1st period - Shot Blocked by Nate Schmidt.
4:54 of 1st period - Minor Penalty to Nick Jensen for Hooking.
4:55 of 1st period - Brad Marchand wins face-off versus Thomas Novak in Washington Capitals zone.
5:38 of 1st period - Alex Newhook is hit by Nick Foligno and loses puck.
5:52 of 1st period - Erik Johnson is hit by Nate Schmidt and loses puck.
6:54 of 1st period - Penalty to Nick Jensen is over, Nick Jensen is back on ice.
7:00 of 1st period - Michael Mcleod is hit by Zemgus Girgensons and loses puck.
7:15 of 1st period - Backhand shot by Ryan Carpenter.
7:15 of 1st period - Shot Misses the Net.
8:09 of 1st period - Snap shot by Jason Robertson.
8:09 of 1st period - Stopped by Adin Hill with a rebound.
8:11 of 1st period - Slapshot by Nick Jensen.
8:11 of 1st period - Stopped by Adin Hill without a rebound.
8:12 of 1st period - Isac Lundestrom wins face-off versus Patrick Maroon in Nashville Predators zone.
8:32 of 1st period - Icing by Jason Robertson.
8:33 of 1st period - Morgan Frost wins face-off versus Alex Ovechkin in Washington Capitals zone.
8:44 of 1st period - Slapshot by Kevin Labanc.
8:44 of 1st period - Stopped by Jake Oettinger without a rebound.
8:45 of 1st period - Brayden Point wins face-off versus Thomas Novak in Washington Capitals zone.
8:51 of 1st period - Off-side.
8:52 of 1st period - Brayden Point wins face-off versus Thomas Novak in neutral zone.
9:00 of 1st period - David Savard is hit by Jacob Peterson and loses puck.
9:14 of 1st period - Icing by Jason Robertson.
9:15 of 1st period - Brayden Point wins face-off versus Zemgus Girgensons in Washington Capitals zone.
9:28 of 1st period - Snap shot by Owen Tippett.
9:28 of 1st period - Stopped by Adin Hill without a rebound.
9:29 of 1st period - Thomas Novak wins face-off versus Brad Marchand in Nashville Predators zone.
9:29 of 1st period - Thomas Novak is hit by Owen Tippett.
9:43 of 1st period - Snap shot by Nico Hischier.
9:43 of 1st period - Shot Misses the Net.
10:03 of 1st period - Wrist shot by Alex Ovechkin.
10:03 of 1st period - Stopped by Adin Hill without a rebound.
10:04 of 1st period - Morgan Frost wins face-off versus Nico Hischier in Nashville Predators zone.
10:13 of 1st period - Nico Hischier is hit by Markus Niemelainen and loses puck.
10:57 of 1st period - Snap shot by Ryan Carpenter.
10:57 of 1st period - Shot Hit the Post.
11:07 of 1st period - Minor Penalty to Ian Cole for Hooking.
11:08 of 1st period - Michael Mcleod wins face-off versus Morgan Frost in Washington Capitals zone.
12:05 of 1st period - Jakub Voracek is hit by Nick Foligno and loses puck.
12:32 of 1st period - John Carlson is hit by Thomas Novak and loses puck.
13:07 of 1st period - Penalty to Ian Cole is over, Ian Cole is back on ice.
14:34 of 1st period - Sam Gagner is hit by Michael Mcleod and loses puck.
14:45 of 1st period - Morgan Frost is hit by Brayden Point and loses puck.
15:06 of 1st period - Henri Jokiharju is hit by Owen Tippett and loses puck.
15:14 of 1st period - Icing by Nate Schmidt.
15:15 of 1st period - Isac Lundestrom wins face-off versus Morgan Frost in Nashville Predators zone.
15:16 of 1st period - Backhand shot by Jordan Kyrou.
15:16 of 1st period - Stopped by Adin Hill with a rebound.
15:34 of 1st period - Snap shot by Morgan Frost.
15:34 of 1st period - Stopped by Jake Oettinger without a rebound.
15:35 of 1st period - Jakub Voracek wins face-off versus Michael Mcleod in Washington Capitals zone.
15:46 of 1st period - Snap shot by Dominik Kubalik.
15:46 of 1st period - Shot Misses the Net.
15:48 of 1st period - Snap shot by Michael Mcleod.
15:48 of 1st period - Shot Misses the Net.
15:50 of 1st period - Slapshot by Dylan DeMelo.
15:50 of 1st period - Stopped by Adin Hill with a rebound.
16:23 of 1st period - Brad Marchand is hit by Patrick Maroon and loses puck.
16:42 of 1st period - Jakub Voracek is hit by Nick Foligno and loses puck.
16:59 of 1st period - Corey Perry is hit by Dominik Kubalik and loses puck.
17:35 of 1st period - Icing by Thomas Novak.
17:36 of 1st period - Thomas Novak wins face-off versus Isac Lundestrom in Nashville Predators zone.
17:36 of 1st period - Thomas Novak is hit by Jordan Kyrou.
17:44 of 1st period - Erik Johnson is hit by Justin Braun and loses puck.
17:49 of 1st period - Snap shot by Zemgus Girgensons.
17:49 of 1st period - Stopped by Jake Oettinger without a rebound.
17:50 of 1st period - Brayden Point wins face-off versus Thomas Novak in Washington Capitals zone.
18:01 of 1st period - Wrist shot by Jacob Peterson.
18:01 of 1st period - Shot Misses the Net.
18:03 of 1st period - Slapshot by Jacob Peterson.
18:03 of 1st period - Stopped by Jake Oettinger with a rebound.
18:05 of 1st period - Snap shot by Jakub Voracek.
18:05 of 1st period - Shot Misses the Net.
19:20 of 1st period - Snap shot by Jakub Voracek.
19:20 of 1st period - Goal by Jakub Voracek - Washington Capitals : 0 - Nashville Predators : 1.
19:21 of 1st period - Brayden Point wins face-off versus Thomas Novak in neutral zone.
19:37 of 1st period - Wrist shot by Jacob Peterson.
19:37 of 1st period - Stopped by Jake Oettinger with a rebound.
Goals for this period are 0 for Washington Capitals vs 1 for Nashville Predators.
Shots for this period are 10 for Washington Capitals vs 9 for Nashville Predators.
2nd period
0:01 of 2nd period - Nico Hischier wins face-off versus Morgan Frost in neutral zone.
0:11 of 2nd period - Snap shot by Owen Tippett.
0:11 of 2nd period - Stopped by Adin Hill with a rebound.
0:19 of 2nd period - Nico Hischier is hit by Henri Jokiharju and loses puck.
0:40 of 2nd period - Wrist shot by Nico Hischier.
0:40 of 2nd period - Shot Misses the Net.
0:54 of 2nd period - Wrist shot by Sam Gagner.
0:54 of 2nd period - Stopped by Jake Oettinger with a rebound.
1:00 of 2nd period - Morgan Frost is hit by David Savard and loses puck.
1:11 of 2nd period - Slapshot by Nico Hischier.
1:11 of 2nd period - Shot Blocked by Nate Schmidt.
1:13 of 2nd period - Slapshot by John Carlson.
1:13 of 2nd period - Shot Misses the Net.
1:15 of 2nd period - Snap shot by Nico Hischier.
1:15 of 2nd period - Stopped by Adin Hill without a rebound.
1:16 of 2nd period - Thomas Novak wins face-off versus Brayden Point in Nashville Predators zone.
1:27 of 2nd period - Backhand shot by Jacob Peterson.
1:27 of 2nd period - Shot Misses the Net.
1:29 of 2nd period - Slapshot by Thomas Novak.
1:29 of 2nd period - Goal by Thomas Novak - Washington Capitals : 0 - Nashville Predators : 2.
1:30 of 2nd period - Brayden Point wins face-off versus Thomas Novak in neutral zone.
2:06 of 2nd period - Dylan DeMelo is hit by Zemgus Girgensons and loses puck.
3:01 of 2nd period - Snap shot by Jakub Voracek.
3:01 of 2nd period - Deflect By Jacob Peterson.
3:01 of 2nd period - Shot Blocked by John Carlson.
3:01 of 2nd period - Puck is out of play.
3:02 of 2nd period - Brayden Point wins face-off versus Thomas Novak in Washington Capitals zone.
3:15 of 2nd period - Ian Cole is hit by Jacob Peterson and loses puck.
4:02 of 2nd period - Minor Penalty to Brad Marchand for Holding Stick.
4:03 of 2nd period - Michael Mcleod wins face-off versus Thomas Novak in Washington Capitals zone.
4:42 of 2nd period - Michael Mcleod is hit by Morgan Frost and loses puck.
5:48 of 2nd period - Morgan Frost is hit by Ian Cole and loses puck.
6:02 of 2nd period - Penalty to Brad Marchand is over, Brad Marchand is back on ice.
6:17 of 2nd period - Justin Braun is hit by Jason Robertson and loses puck.
6:30 of 2nd period - Owen Tippett is hit by Patrick Maroon and loses puck.
6:47 of 2nd period - Minor Penalty to Michael Mcleod for Hooking.
6:48 of 2nd period - Dominik Kubalik wins face-off versus Thomas Novak in Washington Capitals zone.
7:07 of 2nd period - Jacob Peterson is hit by Brad Marchand and loses puck.
7:16 of 2nd period - Snap shot by Markus Niemelainen.
7:16 of 2nd period - Deflect By Thomas Novak.
7:16 of 2nd period - Goal by Thomas Novak - Washington Capitals : 0 - Nashville Predators : 3.
7:17 of 2nd period - Thomas Novak wins face-off versus Brayden Point in neutral zone.
7:22 of 2nd period - Wrist shot by Jakub Voracek.
7:22 of 2nd period - Shot Blocked by Nick Jensen.
7:32 of 2nd period - Snap shot by Brayden Point.
7:32 of 2nd period - Stopped by Adin Hill without a rebound.
7:33 of 2nd period - Nico Hischier wins face-off versus Corey Perry in Nashville Predators zone.
7:48 of 2nd period - Slapshot by Brad Marchand.
7:48 of 2nd period - Stopped by Adin Hill without a rebound.
7:49 of 2nd period - Brayden Point wins face-off versus Thomas Novak in Nashville Predators zone.
8:24 of 2nd period - Minor Penalty to Zemgus Girgensons for Delaying the game.
8:25 of 2nd period - Brayden Point wins face-off versus Jacob Peterson in Nashville Predators zone.
8:27 of 2nd period - Slapshot by Alex Ovechkin.
8:27 of 2nd period - Stopped by Adin Hill without a rebound.
8:28 of 2nd period - Ryan Carpenter wins face-off versus Brayden Point in Nashville Predators zone.
8:39 of 2nd period - Snap shot by Brayden Point.
8:39 of 2nd period - Stopped by Adin Hill without a rebound.
8:40 of 2nd period - Brayden Point wins face-off versus Morgan Frost in Nashville Predators zone.
8:41 of 2nd period - Snap shot by Jason Robertson.
8:41 of 2nd period - Shot Misses the Net.
8:43 of 2nd period - Snap shot by Alex Ovechkin.
8:43 of 2nd period - Shot Misses the Net.
8:53 of 2nd period - Snap shot by Jason Robertson.
8:53 of 2nd period - Goal by Jason Robertson - Washington Capitals : 1 - Nashville Predators : 3.
8:54 of 2nd period - Thomas Novak wins face-off versus Brayden Point in neutral zone.
8:57 of 2nd period - Wrist shot by Jacob Peterson.
8:57 of 2nd period - Shot Blocked by Erik Johnson.
8:59 of 2nd period - Slapshot by Justin Braun.
8:59 of 2nd period - Deflect By Brayden Point.
8:59 of 2nd period - Stopped by Jake Oettinger without a rebound.
9:00 of 2nd period - Thomas Novak wins face-off versus Jason Robertson in Washington Capitals zone.
9:03 of 2nd period - Snap shot by Jakub Voracek.
9:03 of 2nd period - Shot Blocked by Alex Ovechkin.
9:05 of 2nd period - Slapshot by Alexander Alexeyev.
9:05 of 2nd period - Shot Misses the Net.
9:07 of 2nd period - Slapshot by Justin Braun.
9:07 of 2nd period - Stopped by Jake Oettinger without a rebound.
9:08 of 2nd period - Morgan Frost wins face-off versus Brayden Point in Washington Capitals zone.
9:09 of 2nd period - Slapshot by Sam Gagner.
9:09 of 2nd period - Deflect By Morgan Frost.
9:09 of 2nd period - Stopped by Jake Oettinger with a rebound.
9:17 of 2nd period - Wrist shot by Sam Gagner.
9:17 of 2nd period - Stopped by Jake Oettinger with a rebound.
9:19 of 2nd period - Slapshot by Justin Braun.
9:19 of 2nd period - Stopped by Jake Oettinger with a rebound.
9:29 of 2nd period - Minor Penalty to Jason Robertson for Goalie Interference.
9:30 of 2nd period - Michael Mcleod wins face-off versus Morgan Frost in Washington Capitals zone.
10:01 of 2nd period - Isac Lundestrom is hit by Nate Schmidt and loses puck.
10:10 of 2nd period - Snap shot by Sam Gagner.
10:10 of 2nd period - Shot Misses the Net.
10:12 of 2nd period - Wrist shot by Nate Schmidt.
10:12 of 2nd period - Shot Misses the Net.
10:14 of 2nd period - Snap shot by Morgan Frost.
10:14 of 2nd period - Shot Misses the Net.
10:16 of 2nd period - Snap shot by Sam Gagner.
10:16 of 2nd period - Shot Blocked by Nick Jensen.
10:38 of 2nd period - Wrist shot by Morgan Frost.
10:38 of 2nd period - Shot Misses the Net.
10:40 of 2nd period - Snap shot by Nate Schmidt.
10:40 of 2nd period - Stopped by Jake Oettinger with a rebound.
10:42 of 2nd period - Slapshot by Nate Schmidt.
10:42 of 2nd period - Shot Blocked by David Savard.
10:44 of 2nd period - Slapshot by Nate Schmidt.
10:44 of 2nd period - Shot Blocked by David Savard.
10:46 of 2nd period - Wrist shot by Alex Newhook.
10:46 of 2nd period - Stopped by Jake Oettinger with a rebound.
10:48 of 2nd period - Wrist shot by Sam Gagner.
10:48 of 2nd period - Stopped by Jake Oettinger without a rebound.
10:49 of 2nd period - Michael Mcleod wins face-off versus Thomas Novak in Washington Capitals zone.
11:29 of 2nd period - Penalty to Jason Robertson is over, Jason Robertson is back on ice.
12:13 of 2nd period - Dylan DeMelo is hit by Zemgus Girgensons and loses puck.
12:23 of 2nd period - Icing by Zemgus Girgensons.
12:24 of 2nd period - Thomas Novak wins face-off versus Michael Mcleod in Nashville Predators zone.
12:57 of 2nd period - Wrist shot by Morgan Frost.
12:57 of 2nd period - Stopped by Jake Oettinger with a rebound.
12:59 of 2nd period - Slapshot by Nate Schmidt.
12:59 of 2nd period - Deflect By Kevin Labanc.
12:59 of 2nd period - Shot Misses the Net.
12:59 of 2nd period - Puck is out of play.
13:00 of 2nd period - Morgan Frost wins face-off versus Brayden Point in Washington Capitals zone.
13:01 of 2nd period - Wrist shot by Sam Gagner.
13:01 of 2nd period - Shot Misses the Net.
13:13 of 2nd period - Snap shot by Jason Robertson.
13:13 of 2nd period - Stopped by Adin Hill with a rebound.
13:15 of 2nd period - Backhand shot by Nick Jensen.
13:15 of 2nd period - Stopped by Adin Hill without a rebound.
13:15 of 2nd period - Minor Penalty to Adin Hill for Slashing.
13:16 of 2nd period - Morgan Frost wins face-off versus Brayden Point in Nashville Predators zone.
13:16 of 2nd period - Morgan Frost is hit by David Savard.
13:46 of 2nd period - Snap shot by Owen Tippett.
13:46 of 2nd period - Shot Blocked by Alexander Alexeyev.
13:48 of 2nd period - Slapshot by John Carlson.
13:48 of 2nd period - Shot Blocked by Morgan Frost.
13:50 of 2nd period - Backhand shot by John Carlson.
13:50 of 2nd period - Deflect By Owen Tippett.
13:50 of 2nd period - Shot Misses the Net.
13:50 of 2nd period - Puck is out of play.
13:51 of 2nd period - Nico Hischier wins face-off versus Morgan Frost in Nashville Predators zone.
14:04 of 2nd period - Icing by Owen Tippett.
14:05 of 2nd period - Ryan Carpenter wins face-off versus Nico Hischier in Washington Capitals zone.
14:08 of 2nd period - Snap shot by Ryan Carpenter.
14:08 of 2nd period - Stopped by Jake Oettinger without a rebound.
14:09 of 2nd period - Ryan Carpenter wins face-off versus Brayden Point in Washington Capitals zone.
14:16 of 2nd period - Henri Jokiharju is hit by Alex Ovechkin and loses puck.
14:21 of 2nd period - Snap shot by Jason Robertson.
14:21 of 2nd period - Shot Misses the Net.
14:31 of 2nd period - Minor Penalty to Henri Jokiharju for Hooking.
14:32 of 2nd period - Brayden Point wins face-off versus Ryan Carpenter in Nashville Predators zone.
14:37 of 2nd period - Snap shot by Brayden Point.
14:37 of 2nd period - Stopped by Adin Hill with a rebound.
14:52 of 2nd period - Icing by Alex Ovechkin.
14:53 of 2nd period - Ryan Carpenter wins face-off versus Brayden Point in Washington Capitals zone.
15:06 of 2nd period - Snap shot by Brayden Point.
15:06 of 2nd period - Shot Misses the Net.
15:08 of 2nd period - Slapshot by David Savard.
15:08 of 2nd period - Shot Blocked by Alexander Alexeyev.
15:15 of 2nd period - Penalty to Kevin Labanc is over, Kevin Labanc is back on ice.
15:35 of 2nd period - Snap shot by Brayden Point.
15:35 of 2nd period - Deflect By Alex Ovechkin.
15:35 of 2nd period - Shot Misses the Net.
15:35 of 2nd period - Puck is out of play.
15:36 of 2nd period - Nico Hischier wins face-off versus Ryan Carpenter in Nashville Predators zone.
15:37 of 2nd period - Wrist shot by Drake Batherson.
15:37 of 2nd period - Shot Misses the Net.
15:39 of 2nd period - Backhand shot by Erik Johnson.
15:39 of 2nd period - Stopped by Adin Hill with a rebound.
15:41 of 2nd period - Snap shot by Owen Tippett.
15:41 of 2nd period - Deflect By Nico Hischier.
15:41 of 2nd period - Shot Blocked by Ryan Carpenter.
15:41 of 2nd period - Puck is out of play.
15:42 of 2nd period - Nico Hischier wins face-off versus Ryan Carpenter in Nashville Predators zone.
15:45 of 2nd period - Slapshot by Nico Hischier.
15:45 of 2nd period - Goal by Nico Hischier - Washington Capitals : 2 - Nashville Predators : 3.
15:46 of 2nd period - Thomas Novak wins face-off versus Brayden Point in neutral zone.
16:31 of 2nd period - Minor Penalty to David Savard for Holding.
16:32 of 2nd period - Thomas Novak wins face-off versus Michael Mcleod in Washington Capitals zone.
16:39 of 2nd period - Slapshot by Jacob Peterson.
16:39 of 2nd period - Shot Misses the Net.
16:47 of 2nd period - Slapshot by Brad Marchand.
16:47 of 2nd period - Stopped by Adin Hill with a rebound.
16:57 of 2nd period - Nick Foligno is hit by Sam Gagner and loses puck.
17:02 of 2nd period - Slapshot by Sam Gagner.
17:02 of 2nd period - Stopped by Jake Oettinger with a rebound.
17:34 of 2nd period - Erik Johnson is hit by Jakub Voracek and loses puck.
18:31 of 2nd period - Penalty to David Savard is over, David Savard is back on ice.
18:37 of 2nd period - John Carlson is hit by Brett Leason and loses puck.
19:31 of 2nd period - Oliver Kylington is hit by Alex Ovechkin and loses puck.
19:36 of 2nd period - Wrist shot by Brayden Point.
19:36 of 2nd period - Shot Blocked by Brett Leason.
Goals for this period are 2 for Washington Capitals vs 2 for Nashville Predators.
Shots for this period are 13 for Washington Capitals vs 14 for Nashville Predators.
3rd period
0:01 of 3rd period - Thomas Novak wins face-off versus Nico Hischier in neutral zone.
0:27 of 3rd period - Sam Gagner is hit by Jason Robertson and loses puck.
0:47 of 3rd period - Off-side.
0:48 of 3rd period - Corey Perry wins face-off versus Michael Mcleod in neutral zone.
1:34 of 3rd period - Snap shot by Morgan Frost.
1:34 of 3rd period - Stopped by Jake Oettinger with a rebound.
1:49 of 3rd period - Kevin Labanc is hit by Nick Jensen and loses puck.
2:22 of 3rd period - John Carlson is hit by Zemgus Girgensons and loses puck.
2:57 of 3rd period - Snap shot by Brad Marchand.
2:57 of 3rd period - Stopped by Adin Hill without a rebound.
2:58 of 3rd period - Brayden Point wins face-off versus Morgan Frost in Nashville Predators zone.
3:10 of 3rd period - Alex Ovechkin is hit by Kevin Labanc and loses puck.
3:50 of 3rd period - Snap shot by Dominik Kubalik.
3:50 of 3rd period - Deflect By Drake Batherson.
3:50 of 3rd period - Stopped by Adin Hill with a rebound.
3:52 of 3rd period - Snap shot by Nick Jensen.
3:52 of 3rd period - Deflect By Nate Schmidt.
3:52 of 3rd period - Stopped by Adin Hill with a rebound.
3:54 of 3rd period - Wrist shot by Drake Batherson.
3:54 of 3rd period - Deflect By Michael Mcleod.
3:54 of 3rd period - Shot Misses the Net.
3:54 of 3rd period - Puck is out of play.
3:55 of 3rd period - Brayden Point wins face-off versus Morgan Frost in Nashville Predators zone.
3:56 of 3rd period - Wrist shot by Jason Robertson.
3:56 of 3rd period - Goal by Jason Robertson - Washington Capitals : 3 - Nashville Predators : 3.
3:57 of 3rd period - Brayden Point wins face-off versus Thomas Novak in neutral zone.
4:06 of 3rd period - Slapshot by Jason Robertson.
4:06 of 3rd period - Shot Misses the Net.
4:08 of 3rd period - Slapshot by Erik Johnson.
4:08 of 3rd period - Stopped by Adin Hill with a rebound.
4:31 of 3rd period - Snap shot by Kevin Labanc.
4:31 of 3rd period - Shot Misses the Net.
4:42 of 3rd period - Off-side.
4:43 of 3rd period - Alex Newhook wins face-off versus Michael Mcleod in neutral zone.
4:50 of 3rd period - Snap shot by Alex Newhook.
4:50 of 3rd period - Shot Misses the Net.
5:34 of 3rd period - Wrist shot by Sam Gagner.
5:34 of 3rd period - Shot Misses the Net.
5:36 of 3rd period - Slapshot by Alexander Alexeyev.
5:36 of 3rd period - Stopped by Jake Oettinger without a rebound.
5:37 of 3rd period - Nico Hischier wins face-off versus Morgan Frost in Washington Capitals zone.
5:37 of 3rd period - Nico Hischier is hit by Morgan Frost.
5:43 of 3rd period - Alexander Alexeyev is hit by Ian Cole.
5:46 of 3rd period - Off-side.
5:47 of 3rd period - Morgan Frost wins face-off versus Brayden Point in neutral zone.
6:02 of 3rd period - Snap shot by Morgan Frost.
6:02 of 3rd period - Stopped by Jake Oettinger with a rebound.
6:04 of 3rd period - Snap shot by Kevin Labanc.
6:04 of 3rd period - Stopped by Jake Oettinger without a rebound.
6:05 of 3rd period - Nico Hischier wins face-off versus Thomas Novak in Washington Capitals zone.
6:10 of 3rd period - Slapshot by Dylan DeMelo.
6:10 of 3rd period - Shot Misses the Net.
7:33 of 3rd period - Minor Penalty to David Savard for Holding.
7:34 of 3rd period - Thomas Novak wins face-off versus Michael Mcleod in Washington Capitals zone.
9:33 of 3rd period - Penalty to David Savard is over, David Savard is back on ice.
9:46 of 3rd period - Slapshot by Alex Ovechkin.
9:46 of 3rd period - Deflect By Brayden Point.
9:46 of 3rd period - Shot Misses the Net.
9:46 of 3rd period - Puck is out of play.
9:47 of 3rd period - Patrick Maroon wins face-off versus Brayden Point in Nashville Predators zone.
10:15 of 3rd period - Off-side.
10:16 of 3rd period - Nico Hischier wins face-off versus Corey Perry in neutral zone.
10:21 of 3rd period - Snap shot by Owen Tippett.
10:21 of 3rd period - Shot Misses the Net.
10:47 of 3rd period - Snap shot by Jakub Voracek.
10:47 of 3rd period - Shot Misses the Net.
11:31 of 3rd period - Wrist shot by Brett Leason.
11:31 of 3rd period - Shot Misses the Net.
11:45 of 3rd period - Wrist shot by Markus Niemelainen.
11:45 of 3rd period - Shot Misses the Net.
12:15 of 3rd period - Minor Penalty to Dylan DeMelo for Hooking.
12:16 of 3rd period - Michael Mcleod wins face-off versus Thomas Novak in Washington Capitals zone.
14:15 of 3rd period - Penalty to Dylan DeMelo is over, Dylan DeMelo is back on ice.
14:19 of 3rd period - Snap shot by Brett Leason.
14:19 of 3rd period - Stopped by Jake Oettinger with a rebound.
14:21 of 3rd period - Snap shot by Henri Jokiharju.
14:21 of 3rd period - Shot Misses the Net.
14:23 of 3rd period - Snap shot by Brett Leason.
14:23 of 3rd period - Shot Blocked by Nick Jensen.
14:25 of 3rd period - Snap shot by Brett Leason.
14:25 of 3rd period - Deflect By Nico Hischier.
14:25 of 3rd period - Shot Blocked by Nick Jensen.
14:25 of 3rd period - Puck is out of play.
14:26 of 3rd period - Brayden Point wins face-off versus Patrick Maroon in Washington Capitals zone.
14:33 of 3rd period - Snap shot by Jason Robertson.
14:33 of 3rd period - Deflect By Alexander Alexeyev.
14:33 of 3rd period - Stopped by Adin Hill with a rebound.
14:35 of 3rd period - Backhand shot by John Carlson.
14:35 of 3rd period - Deflect By Brayden Point.
14:35 of 3rd period - Shot Misses the Net.
14:35 of 3rd period - Puck is out of play.
14:36 of 3rd period - Thomas Novak wins face-off versus Alex Ovechkin in Nashville Predators zone.
15:05 of 3rd period - Wrist shot by Patrick Maroon.
15:05 of 3rd period - Shot Misses the Net.
15:27 of 3rd period - Snap shot by Alex Ovechkin.
15:27 of 3rd period - Stopped by Adin Hill with a rebound.
15:29 of 3rd period - Slapshot by John Carlson.
15:29 of 3rd period - Shot Misses the Net.
15:31 of 3rd period - Snap shot by Alex Ovechkin.
15:31 of 3rd period - Stopped by Adin Hill without a rebound.
15:32 of 3rd period - Michael Mcleod wins face-off versus Corey Perry in Nashville Predators zone.
15:39 of 3rd period - Slapshot by Drake Batherson.
15:39 of 3rd period - Shot Misses the Net.
15:59 of 3rd period - Isac Lundestrom is hit by Henri Jokiharju.
16:45 of 3rd period - Wrist shot by Kevin Labanc.
16:45 of 3rd period - Stopped by Jake Oettinger with a rebound.
16:47 of 3rd period - Slapshot by Nate Schmidt.
16:47 of 3rd period - Deflect By Nico Hischier.
16:47 of 3rd period - Stopped by Jake Oettinger without a rebound.
16:48 of 3rd period - Owen Tippett wins face-off versus Corey Perry in Washington Capitals zone.
18:28 of 3rd period - Owen Tippett is hit by Oliver Kylington and loses puck.
18:54 of 3rd period - Minor Penalty to Nick Foligno for Hooking.
18:55 of 3rd period - Thomas Novak wins face-off versus Michael Mcleod in Washington Capitals zone.
19:39 of 3rd period - David Savard is hit by Jakub Voracek.
Goals for this period are 1 for Washington Capitals vs 0 for Nashville Predators.
Shots for this period are 8 for Washington Capitals vs 7 for Nashville Predators.
Overtime #1
0:01 of 1st overtime period - Thomas Novak wins face-off versus Michael Mcleod in neutral zone.
0:06 of 1st overtime period - Slapshot by Nate Schmidt.
0:06 of 1st overtime period - Deflect By Ian Cole.
0:06 of 1st overtime period - Stopped by Jake Oettinger without a rebound.
0:07 of 1st overtime period - Michael Mcleod wins face-off versus Thomas Novak in Washington Capitals zone.
0:15 of 1st overtime period - Off-side.
0:16 of 1st overtime period - Michael Mcleod wins face-off versus Morgan Frost in neutral zone.
0:23 of 1st overtime period - Slapshot by Michael Mcleod.
0:23 of 1st overtime period - Shot Blocked by Alexander Alexeyev.
0:54 of 1st overtime period - Penalty to Nick Foligno is over, Nick Foligno is back on ice.
1:04 of 1st overtime period - Snap shot by Brayden Point.
1:04 of 1st overtime period - Stopped by Adin Hill with a rebound.
1:06 of 1st overtime period - Snap shot by Brayden Point.
1:06 of 1st overtime period - Shot Misses the Net.
1:08 of 1st overtime period - Slapshot by Nick Jensen.
1:08 of 1st overtime period - Stopped by Adin Hill with a rebound.
1:10 of 1st overtime period - Slapshot by Brayden Point.
1:10 of 1st overtime period - Shot Misses the Net.
1:12 of 1st overtime period - Snap shot by Nick Jensen.
1:12 of 1st overtime period - Stopped by Adin Hill with a rebound.
1:14 of 1st overtime period - Slapshot by Nick Jensen.
1:14 of 1st overtime period - Stopped by Adin Hill without a rebound.
1:15 of 1st overtime period - Brayden Point wins face-off versus Thomas Novak in Nashville Predators zone.
1:18 of 1st overtime period - Slapshot by Alex Ovechkin.
1:18 of 1st overtime period - Stopped by Adin Hill with a rebound.
1:48 of 1st overtime period - John Carlson is hit by Alexander Alexeyev and loses puck.
3:14 of 1st overtime period - Wrist shot by Dominik Kubalik.
3:14 of 1st overtime period - Shot Blocked by Markus Niemelainen.
3:16 of 1st overtime period - Slapshot by Nick Foligno.
3:16 of 1st overtime period - Stopped by Adin Hill without a rebound.
3:17 of 1st overtime period - Brayden Point wins face-off versus Sam Gagner in Nashville Predators zone.
3:18 of 1st overtime period - Snap shot by Alex Ovechkin.
3:18 of 1st overtime period - Stopped by Adin Hill with a rebound.
4:47 of 1st overtime period - Nate Schmidt is hit by Nick Jensen and loses puck.
Goals for this period are 0 for Washington Capitals vs 0 for Nashville Predators.
Shots for this period are 7 for Washington Capitals vs 1 for Nashville Predators.
ShootOut
5:00 of 1st overtime period - Round #1.
5:00 of 1st overtime period - Washington Capitals, Jason Robertson.
5:00 of 1st overtime period - Deke by Jason Robertson.
5:00 of 1st overtime period - Shot Misses the Net.
5:00 of 1st overtime period - Nashville Predators, Jacob Peterson.
5:00 of 1st overtime period - Backhand shot by Jacob Peterson.
5:00 of 1st overtime period - Stopped by Jake Oettinger.
5:00 of 1st overtime period - Round #2.
5:00 of 1st overtime period - Washington Capitals, Drake Batherson.
5:00 of 1st overtime period - Snap shot by Drake Batherson.
5:00 of 1st overtime period - Stopped by Adin Hill.
5:00 of 1st overtime period - Nashville Predators, Jakub Voracek.
5:00 of 1st overtime period - Backhand shot by Jakub Voracek.
5:00 of 1st overtime period - Shot Misses the Net.
5:00 of 1st overtime period - Round #3.
5:00 of 1st overtime period - Washington Capitals, Brayden Point.
5:00 of 1st overtime period - Deke by Brayden Point.
5:00 of 1st overtime period - Goal by Brayden Point.
5:00 of 1st overtime period - Nashville Predators, Kevin Labanc.
5:00 of 1st overtime period - Deke by Kevin Labanc.
5:00 of 1st overtime period - Goal by Kevin Labanc.
5:00 of 1st overtime period - Round #4.
5:00 of 1st overtime period - Washington Capitals, Alex Ovechkin.
5:00 of 1st overtime period - Wrist shot by Alex Ovechkin.
5:00 of 1st overtime period - Stopped by Adin Hill.
5:00 of 1st overtime period - Nashville Predators, Morgan Frost.
5:00 of 1st overtime period - Wrist shot by Morgan Frost.
5:00 of 1st overtime period - Goal by Morgan Frost.
Back to the Top